 Dungeon Crawl Stone Soup version 0.28-a0-449-ga6d6528 (webtiles) character file.

Game seed: 17904047235103381078

41 Flamabang the Sneak (level 3, 0/16 HPs)
             Began as a Spriggan Enchanter on Sept 12, 2021.
             Slain by a jackal (2 damage)
             ... on level 2 of the Dungeon.
             The game lasted 00:08:09 (2654 turns).

Flamabang the Sneak (Spriggan Enchanter)            Turns: 2654, Time: 00:08:09

Health: 0/16       AC:  2    Str:  5    XL:     3   Next: 32%
Magic:  6/8        EV: 17    Int: 16    God:
Gold:   61         SH:  0    Dex: 15    Spells: 6/8 levels left

rFire   . . .      SeeInvis +   a - +1 dagger
rCold   . . .      Faith    .   (shield restricted)
rNeg    . . .      Spirit   .   b - +0 robe
rPois   .          Reflect  .   (helmet restricted)
rElec   .          Harm     .   (no cloak)
rCorr   .          Rampage  .   (gloves unavailable)
Will    .....                   (boots unavailable)
Stlth   +++.......              (no amulet)
HPRegen 0.05/turn               (no ring)
MPRegen 0.11/turn               (no ring)

@: very quick
A: very small, no large weapons, unfitting armour, see invisible, speed 3
a: no special abilities


You were on level 2 of the Dungeon.
You visited 1 branch of the dungeon, and saw 2 of its levels.

You collected 61 gold pieces.

Inventory:

Hand Weapons
 a - a +1 dagger (weapon)
 d - a +0 short sword of protection
Missiles
 e - 39 stones (quivered)
 f - 24 arrows
Armour
 b - a +0 robe (worn)
Scrolls
 g - a scroll of identify {unknown}
 h - a scroll of vulnerability {unknown}
Potions
 c - a potion of invisibility
 i - a potion of brilliance {unknown}


   Skills:
 + Level 1.8 Short Blades
 - Level 3.2 Dodging
 + Level 5.0 Stealth
 - Level 3.1 Spellcasting
 + Level 4.0 Hexes


You had 6 spell levels left.
You knew the following spells:

 Your Spells              Type           Power      Damage    Failure   Level
a - Ensorcelled Hibernat  Hex/Ice        18%        N/A       12%         2

Your spell library contained the following spells:

 Spells                   Type           Power      Damage    Failure   Level
 Confusing Touch          Hex            15%        N/A       11%         3
 Tukima's Dance           Hex            15%        N/A       11%         3
 Dazzling Flash           Conj/Hex       18%        N/A       24%         3


Dungeon Overview and Level Annotations

Branches:
Dungeon (2/15)

Altars:


Innate Abilities, Weirdness & Mutations

You are very small and have problems with some larger weapons.
You are too small for most types of armour.
You have supernaturally acute eyesight. (SInv)
You cover ground extremely quickly. (Speed+++)


Message History

The stone hits the kobold but does no damage.
The kobold is moderately wounded.
You hit the kobold but do no damage.
The kobold is moderately wounded.
The kobold completely misses you.
You hit the kobold but do no damage.
The kobold is moderately wounded.
The kobold hits you with a +0 dagger.
* * * LOW HITPOINT WARNING * * *
You hit the kobold but do no damage.
The kobold is moderately wounded.
The kobold completely misses you.
The kobold throws a stone.
The stone hits you.
* * * LOW HITPOINT WARNING * * *
The kobold throws a stone.
The stone hits you but does no damage.
There is an open door here.
There is an open door here.
The kobold throws a stone.
The stone misses you.
There is an open door here.
You close the door.
A kobold opens the door.
It is wielding a +0 dagger.
Casting: Ensorcelled Hibernation (safe; 12% risk of failure)
Confirm with . or Enter, or press ? or * to list all spells.
Aiming: Ensorcelled Hibernation (safe; 12% risk of failure)
Press: ? - help, Shift-Dir - straight line, f/p - kobold
Aim: a kobold, wielding a +0 dagger and quivering stones (wandering, hasn't noticed you, chance to affect: 58%)
The kobold looks drowsy...
The kobold shouts!
The jackal barks!
You hear a bark!
There is an open door here.
You hit the kobold.
You kill the kobold!
There's a creature in the doorway!
You hit the jackal but do no damage.
The jackal bites you but does no damage.
You open the door. The jackal misses you. The jackal bites you.
* * * LOW HITPOINT WARNING * * *
There is an open door here.
A jackal comes into view.
The jackal bites you.
You die...

###.)......##
#.........#
################.#
.................#
#h####.####)####.#
'.'..#.#÷.'.'..#h#
#.#..#.#..#.#..#.#
#.##'#.##'#.##'#.#
...h.......h...h@#
#.##'#.##'#.##+#)#
#.#..#.#..#.# #.#
#.#†.'.'.[#.# #.#
#.####.####.####.#
...K.............#
##################


You could see 3 jackals.

Vanquished Creatures
  4 bats
  3 endoplasms
  3 giant cockroaches
  3 goblins (D:1)
  5 hobgoblins
  4 jackals
  2 quokkas
  2 ball pythons (D:1)
  A frilled lizard (D:1)
  4 kobolds
  4 rats
35 creatures vanquished.

Notes
Turn   | Place    | Note
-------+----------+-------------------------------------------
     0 | D:1      | Flamabang the Spriggan Enchanter began the quest for the
                  | Orb.
     0 | D:1      | Reached XP level 1. HP: 9/9 MP: 5/5
  1114 | D:1      | Reached XP level 2. HP: 12/13 MP: 6/6
  1168 | D:1      | Learned a level 2 spell: Ensorcelled Hibernation
  1918 | D:1      | Reached XP level 3. HP: 10/16 MP: 8/8
  2294 | D:2      | Reached skill level 5 in Stealth
  2654 | D:2      | Slain by a jackal

Illustrated notes

Levels and vault maps discovered:
D:1:      sevenhm_arrival_forest_fort_large_2, layout_rooms
D:2:      minmay_door_path, layout_basic, uniq_robin

Skill      XL: |  1  2  3 |
---------------+----------+-----
Dodging        | 3 |  3.2
Spellcasting   | 3 |  3.1
Hexes          | 4 |  4.0
Stealth        | 5 |  5.0
Short Blades   | |  1.8

Action                   || total
-------------------------++-------
Melee: Dagger            ||   169
Throw: Stone             ||     7
 Cast: Ensorcelled Hiber ||     6
 Stab: Sleeping          ||     8
Armor: Robe              ||    16
Dodge: Dodged            ||   124

Table legend: (Time is in decaauts)
 A = Elapsed time spent in this place.
 B = Non-inter-level travel time spent in this place.
 C = Inter-level travel time spent in this place.
 D = Time resting spent in this place.
 E = Time spent auto-exploring this place.
 F = Levels seen in this place.
 G = Mean time per level.
                   A        B        C        D        E       F      G
               +--------+--------+--------+--------+--------+-----+--------+
         Total |   2221 |   2221 |      0 |      0 |   1624 |   2 | 1110.5 |
       Dungeon |   2221 |   2221 |      0 |      0 |   1624 |   2 | 1110.5 |
               +--------+--------+--------+--------+--------+-----+--------+

Top non-repeatable levels by time:
     D:1: 1813 daAuts
     D:2: 408 daAuts
